AoeStats
← chivita

Nomad

507865913Analyzed
3v3 RM · 11d ago on Sep 20, 2026· 102m 26s· 6 players
Game mode
Random Map
Map size
210×210
Population
200
Speed
Normal
Resources
Standard
Victory
Conquest
Starting age
Dark Age
Ending age
Imperial Age
RankedLock teamsTeams togetherTeam positionsShared explorationLock speedFull tech treeHidden civsTurbo modeCheats
Victory
Defeat
🇦🇷 Armenians · Argentina
1168
+12
🇦🇷 Romans · Argentina
1029
+18
🇦🇷 Magyars · Argentina
991
+19
🇺🇸 Chinese · United States
1137
-19
🇨🇳 Wei · China
1075
-17
🇺🇸 Vietnamese · United States
986
-13
Trazo :D
4:21 Loom
15:51 Feudal Age
15:59 Man-at-Arms
18:07 Scale Mail Armor
18:18 Forging
20:37 Wheelbarrow
20:14 Fishing Lines
25:10 Castle Age
25:01 Stone Mining
25:28 Long Swordsman
26:25 Chain Mail Armor
26:07 Horse Collar
26:56 Gold Mining
34:27 Gillnets
41:47 Double-Bit Axe
44:41 Bow Saw
44:54 Hand Cart
45:54 Ballistics
45:30 Murder Holes
46:18 Town Watch
52:50 Imperial Age
50:34 Heavy Plow
51:54 Masonry
52:21 Ballistas
53:19 Heavy Scorpion
55:29 Chemistry
55:08 Conscription
55:15 Town Patrol
54:55 Legionary
57:45 Scale Barding Armor
58:16 Iron Casting
57:49 Scale Barding Armor
57:36 Fletching
57:47 Padded Archer Armor
60:39 Gold Shaft Mining
61:06 Blast Furnace
60:23 Pikeman
61:05 Squires
62:03 Comitatenses
62:22 Halberdier
64:09 Capped Ram
68:42 Padded Archer Armor
93:00 Elite Centurion
Juanchi
5:48 Loom
13:41 Feudal Age
15:12 Double-Bit Axe
22:17 Castle Age
21:39 Fletching
23:01 Caravan
23:31 Coinage
26:42 Medium Warships
26:28 Bodkin Arrow
30:05 Padded Archer Armor
31:55 Gold Mining
33:56 Fishing Lines
35:04 Elite Skirmisher
38:39 Ballistics
47:26 Crossbowman
51:46 Gillnets
51:55 Pikeman
52:36 Squires
55:22 Imperial Age
53:54 Town Watch
54:48 Wheelbarrow
55:32 Capped Ram
57:57 Herbal Medicine
58:50 Arbalester
59:40 Bracer
60:48 Chemistry
61:47 Conscription
62:30 Horse Collar
77:50 Siege Ram
chivita
13:36 Feudal Age
20:28 Loom
20:27 Horse Collar
20:59 Bloodlines
25:44 Castle Age
24:06 Stone Mining
25:21 Scale Barding Armor
25:11 Gold Mining
28:17 Chain Barding Armor
29:21 Husbandry
32:16 Heavy Plow
32:59 Gold Shaft Mining
35:20 Corvinian Army
36:36 Wheelbarrow
40:08 Imperial Age
37:52 Treadmill Crane
38:43 Ballistics
39:31 Hand Cart
41:24 Conscription
42:12 Elite Magyar Huszar
48:17 Fletching
49:08 Light Cavalry
53:35 Cavalier
54:37 Paladin
74:25 Capped Ram
79:52 Hussar
ncinko
3:12 Loom
13:37 Feudal Age
14:05 Double-Bit Axe
14:03 Horse Collar
20:09 Castle Age
18:48 Gold Mining
25:49 Bow Saw
27:11 Town Watch
28:05 Fletching
29:22 Bodkin Arrow
29:47 Heavy Plow
31:12 Padded Archer Armor
32:08 Ballistics
33:15 Leather Archer Armor
39:42 Imperial Age
38:37 Gold Shaft Mining
37:52 Stone Mining
39:18 Wheelbarrow
38:57 Murder Holes
40:37 Bracer
43:01 Chemistry
41:34 Pikeman
42:28 Forging
42:20 Scale Mail Armor
42:51 Halberdier
44:09 Iron Casting
44:52 Squires
49:02 Blast Furnace
48:34 Ring Archer Armor
48:27 Heavy Rocket Cart
50:51 Rocketry
54:10 Elite Chu Ko Nu
56:46 Chain Mail Armor
62:48 Arson
72:22 Two-Man Saw
75:35 Plate Mail Armor
80:04 Capped Ram
81:01 Capped Ram
83:28 Siege Ram
101:38 Stone Shaft Mining
RagingRaja
12:56 Feudal Age
16:18 Loom
18:54 Castle Age
26:12 Horse Collar
27:26 Fletching
28:05 Double-Bit Axe
29:15 Bodkin Arrow
33:20 Ballistics
35:00 Heavy Plow
35:11 Bow Saw
38:08 Bloodlines
37:58 Husbandry
38:13 Bloodlines
38:04 Husbandry
43:34 Imperial Age
42:38 Forging
42:29 Padded Archer Armor
45:52 Scale Barding Armor
48:36 Chain Barding Armor
48:52 Iron Casting
51:24 Plate Barding Armor
52:32 Wheelbarrow
58:01 Elite Battle Elephant
60:15 Chatras
63:35 Two-Man Saw
70:22 Elite Rattan Archer
bro
7:40 Loom
16:06 Feudal Age
20:46 Castle Age
21:00 Double-Bit Axe
22:48 Fletching
22:59 Padded Archer Armor
24:55 Bodkin Arrow
25:29 Bloodlines
27:54 Thumb Ring
28:12 Ballistics
29:41 Husbandry
33:10 Leather Archer Armor
33:19 Bow Saw
32:51 Horse Collar
37:45 Wheelbarrow
36:55 Town Watch
45:35 Tuntian
48:56 Forging
50:34 Iron Casting
50:04 Scale Barding Armor
51:30 Heavy Plow
51:31 Gold Mining
51:31 Stone Mining
56:26 Imperial Age
55:54 Chain Barding Armor
56:33 Heavy Hei Guang Cavalry
57:16 Bracer
58:16 Blast Furnace
57:47 Ring Archer Armor
57:41 Conscription
59:49 Ming Guang Armor
60:37 Parthian Tactics
61:20 Light Cavalry
62:09 Hussar
Connection lost

Rejoining the realm…

Still unreachable

The connection could not be restored.

Session expired

The server has moved on; the page needs a fresh start.